cohdb
Replays
Latest Replays
All Replays
Popular Replays
Top Player Replays
Match Explorer
How It Works
Community
CoH3 Stats
Reddit
Sign in to upload your games and track your stats! →
Sign in with Steam
Match 43986968
Unlisted
Match 43986968
Overview
Messages
Build Orders
End
Construct Section Command Post
Selects Heavy Armor Battlegroup
Dingo Light Scout Car
ML 3-inch Mortar Team
Infantry Section
Infantry Section
Vickers Machine Gun Team
Construct Field Infirmary
Selects Rigorous Vehicle Training
Selects Forward Repair Assembly
Selects UNKNOWN (2162094)
Grenade Package
Construct Platoon Command Post
Infantry Section
Selects Light Vehicle Withdraw and Refit
Selects UNKNOWN (202330)
6-pounder Anti-tank Gun Team
Construct Company Command Post
Skr13
AAABBBCCC
Touffic
youtube.com/ZoDDeL
woof_raff
srednevik
0
0
Comments
sign in to comment!
No comments posted yet!